 Dungeon Crawl Stone Soup version 0.27-a0-223-ge082b6e869 (webtiles) character file.

Game seed: 8747537826879841430

1040 KristoblXynda the Slasher (level 8, -4/66 HPs)
             Began as a Yellow Draconian Fighter on Feb 1, 2021.
             Was an Initiate of Cheibriados.
             Slain by an orc warrior
             ... wielding a +0 trident
              (11 damage)
             ... on level 6 of the Dungeon.
             The game lasted 00:06:37 (5396 turns).

KristoblXynda the Slasher (DrFi)                    Turns: 5396, Time: 00:06:38

Health: -4/66      AC:  8    Str: 19    XL:     8   Next: 4%
Magic:  8/8        EV: 12    Int: 12    God:    Cheibriados [......]
Gold:   278        SH: 10    Dex: 12    Spells: 7/7 levels left

rFire    . . .     SeeInvis +   w - +1 short sword (venom)
rCold    . . .     Faith    .   b - +0 kite shield
rNeg     . . .     Spirit   .   (armour unavailable)
rPois    +         Reflect  .   (helmet restricted)
rElec    .         Harm     .   (no cloak)
rCorr    +         Rampage  .   e - +0 pair of gloves
Will     .....                  r - +0 pair of boots
Stlth    +.........             (no amulet)
HPRegen  0.21/turn              d - ring of poison resistance
MPRegen  0.11/turn              z - ring of see invisible

@: short of breath, very slow
A: spit acid, unfitting armour, cold-blooded, acid resistance, AC +6
a: Breathe Acid, Renounce Religion, Bend Time


You were on level 6 of the Dungeon.
You worshipped Cheibriados.
Cheibriados was noncommittal.
You visited 1 branch of the dungeon, and saw 6 of its levels.

You collected 278 gold pieces.

Inventory:

Hand Weapons
 a - a +0 long sword
 w - a +1 short sword of venom (weapon)
Armour
 b - a +0 kite shield (worn)
 e - a +0 pair of gloves (worn)
 r - a +0 pair of boots (worn)
Jewellery
 d - a ring of poison resistance (left hand)
 o - an uncursed ring of positive energy
 z - a ring of see invisible (right hand)
Scrolls
 f - 3 scrolls of remove curse {unknown}
 g - 3 scrolls of enchant weapon {unknown}
 h - 6 scrolls of identify {unknown}
 m - 3 scrolls of immolation {unknown}
 t - 2 scrolls of teleportation {unknown}
 v - 2 scrolls of enchant armour {unknown}
 x - a scroll of fog {unknown}
Potions
 c - a potion of might
 i - a potion of berserk rage {unknown}
 j - 4 potions of heal wounds {unknown}
 k - a potion of ambrosia
 l - 3 potions of degeneration {unknown}
 n - a potion of resistance {unknown}
 p - 2 potions of curing
 s - a potion of haste {unknown}
 u - a potion of brilliance {unknown}


   Skills:
 - Level 4.0 Fighting
 * Level 6.5 Long Blades
 + Level 5.0 Dodging
 + Level 5.5 Shields


You had 7 spell levels left.
You didn't know any spells.
Your spell library was empty.

Dungeon Overview and Level Annotations

Branches:
Dungeon (6/15)
 Temple: D:4-7

Altars:
Cheibriados
Nemelex Xobeh
Trog
Uskayaw
Xom
Zin


Innate Abilities, Weirdness & Mutations

You can spit globs of acid.
Your golden yellow scales are hard. (AC +6)
You cannot fit into any form of body armour.
You are cold-blooded and may be slowed by cold attacks.
You are resistant to acid. (rCorr)


Message History

The orc priest calls upon Beogh to heal the orc warrior.
The orc warrior is healed somewhat.
The orc warrior closely misses you.
Unknown command.
You feel better. The orc warrior misses you.
You feel better.
The orc priest calls upon Beogh to heal the orc warrior.
The orc warrior's wounds heal themselves!
You block the orc warrior's attack.
You feel better.
The orc warrior hits you with a +0 trident.
You hit the orc warrior but do no damage.
The orc warrior looks as sick as possible!
The orc warrior is lightly wounded.
The orc priest calls upon Beogh to heal the orc warrior.
The orc warrior is healed somewhat.
The orc priest mumbles some strange prayers to Beogh against you.
Beogh smites you!
* * * LOW HITPOINT WARNING * * *
The orc warrior hits you with a +0 trident!
You die... ## ## .. .. ##. .## ### ..#.. #.. ooo

#.# #o# #.#
######@#####.#
..............#
.##.########..#
#.# #..########
. #.#
#.........#
.##.#
##.######.#
..#.# #.# #.#.#
#.# #.#<# #.#


You could see an orc warrior (extremely poisoned), 2 orc priests and an orc
(corroded).

Vanquished Creatures
  2 ogres
  A phantom (D:5)
  A centaur (D:6)
  A howler monkey (D:5)
  A centaur zombie (D:5)
  Ijyb (D:4)
  2 iguanas
  6 orc wizards
  4 worker ants
  A hound zombie (D:3)
  3 hound skeletons
  Robin (D:4)
  11 adders
  A white imp (D:5)
  2 adder zombies
  3 adder skeletons (D:3)
  3 worms
  2 dart slugs
  A leopard gecko (D:5)
  19 orcs
  4 ball pythons
  4 giant cockroaches
  3 hobgoblins
  13 jackals
  5 kobolds
  A quokka (D:2)
  A ball python skeleton (D:3)
  6 bats
  4 frilled lizards
  18 goblins
  A jackal skeleton (D:4)
  A leopard gecko zombie (D:3)
  A quokka zombie (D:3)
  11 rats
139 creatures vanquished.

Vanquished Creatures (others)
  3 withered plants (D:3)
3 creatures vanquished.

Grand Total: 142 creatures vanquished

Notes
Turn   | Place    | Note
-------+----------+-------------------------------------------
     0 | D:1      | KristoblXynda the Draconian Fighter began the quest for the
                  | Orb.
     0 | D:1      | Reached XP level 1. HP: 19/19 MP: 1/1
   335 | D:1      | Reached XP level 2. HP: 26/26 MP: 2/2
  1018 | D:2      | Reached XP level 3. HP: 31/31 MP: 3/3
  1398 | D:2      | Reached XP level 4. HP: 21/40 MP: 4/4
  1985 | D:3      | Reached skill level 3 in Long Blades
  2060 | D:3      | Found a sparkling altar of Nemelex Xobeh.
  2242 | D:3      | Reached XP level 5. HP: 36/46 MP: 5/5
  2434 | D:3      | Found a glowing silver altar of Zin.
  2435 | D:3      | Found a bloodstained altar of Trog.
  2784 | D:4      | Noticed Robin
  2808 | D:4      | Killed Robin
  2989 | D:4      | Noticed an ogre
  2994 | D:4      | Killed an ogre
  2995 | D:4      | Reached skill level 4 in Long Blades
  2995 | D:4      | Reached XP level 6. HP: 34/52 MP: 6/6
  3538 | D:4      | Noticed Ijyb
  3563 | D:4      | Killed Ijyb
  3565 | D:4      | Reached skill level 5 in Long Blades
  3677 | D:4      | Your scales start taking on a golden yellow colour.
  3677 | D:4      | Reached XP level 7. HP: 57/59 MP: 7/7
  3677 | D:4      | Gained mutation: You are resistant to acid. (rCorr) [Yellow
                  | Draconian growth]
  3934 | D:5      | Entered Level 5 of the Dungeon
  3984 | D:5      | Reached skill level 5 in Shields
  4479 | D:5      | Reached skill level 6 in Long Blades
  4753 | D:5      | Found a snail-covered altar of Cheibriados.
  4837 | D:5      | Became a worshipper of Cheibriados the Contemplative
  5307 | D:6      | Reached skill level 5 in Dodging
  5307 | D:6      | Reached XP level 8. HP: 61/66 MP: 8/8
  5343 | D:6      | Found a shimmering altar of Xom.
  5343 | D:6      | Found a snail-covered altar of Cheibriados.
  5348 | D:6      | Found a hide-covered altar of Uskayaw.
  5396 | D:6      | Slain by an orc warrior

Illustrated notes

Levels and vault maps discovered:
D:1:      dpeg_arrival_refuge, layout_loops_ring, minmay_misc_feat_room
D:2:      layout_rooms, chequers_serial_rivers_small_a
D:3:      layout_rooms, nemelex_altar_shiori, gammafunk_temple_overflow_pools,
          serial_undead, serial_undead_b, serial_undead_e, serial_undead_c,
          serial_undead_d, serial_undead_c, serial_undead_d, serial_undead_a,
          chequers_serial_rivers_marsh
D:4:      layout_loops_cross, chequers_serial_rivers_small_a,
          chequers_serial_rivers_large_a, uniq_robin, uniq_ijyb
D:5:      layout_basic, basic_altar
D:6:      layout_loops_ring, gammafunk_temple_overflow_forgotten,
          minmay_temple_entry_tees, serial_shops, nicolae_shop_stone

Skill      XL: |  1  2  3  4  5  6  7 |
---------------+----------------------+-----
Dodging        | 3 4 5 |  5.0
Fighting       | 4 |  4.0
Long Blades    | 3 4 5 6 |  6.5
Shields        | 4 5 |  5.5

Action                   |  1- 3 |  4- 6 |  7- 9 || total
-------------------------+-------+-------+-------++-------
Melee: Long sword        |   103 |   128 |    17 ||   248
       Tailslap          |    15 |    32 |    20 ||    67
       Short sword       |       |    93 |   121 ||   214
       Unarmed           |       |    12 |       ||    12
 Abil: Breathe Acid      |       |       |     1 ||     1
  Use: Potion            |     3 |       |     3 ||     6
 Stab: Distracted        |       |     1 |       ||     1
Armor: Skin              |    34 |    69 |    30 ||   133
Dodge: Dodged            |    52 |   120 |    58 ||   230
Block: Kite shield       |    63 |   110 |    72 ||   245
       Rpst.: Long sword |    23 |    29 |     8 ||    60

Table legend: (Time is in decaauts)
 A = Elapsed time spent in this place.
 B = Non-inter-level travel time spent in this place.
 C = Inter-level travel time spent in this place.
 D = Time resting spent in this place.
 E = Time spent auto-exploring this place.
 F = Levels seen in this place.
 G = Mean time per level.
                   A        B        C        D        E       F      G
               +--------+--------+--------+--------+--------+-----+--------+
         Total |   5690 |   5536 |    154 |   1079 |   3384 |   6 |  948.3 |
       Dungeon |   5690 |   5536 |    154 |   1079 |   3384 |   6 |  948.3 |
               +--------+--------+--------+--------+--------+-----+--------+

Top non-repeatable levels by time:
     D:5: 1486 daAuts
     D:2: 1227 daAuts
     D:4: 1189 daAuts
     D:3: 854 daAuts
     D:1: 805 daAuts
     D:6: 127 daAuts
